Map: New Gettysburg LE

Players

Nickos

  • Race: Terran Terran
  • League: Silver

Mystaken - Winner!

  • Race: Terran Terran
  • League: Gold

VOD

Have the link to the VOD?

Description

Time

  • Played on: Sept. 15, 2016, 7:15 p.m.
  • Length: 14:41
Show
View Real Time Build Order
Export as new Build Order

Nickos Terran 

Build Orders:  

Get SALT Encoding   

  12  0:01  SCV  
  13  0:13  SCV  
  14  0:19  Supply Depot  
  14  0:25  SCV  
  15  0:41  SCV  
  15  0:42  Barracks  
  16  0:53  SCV  
  17  1:05  SCV  
  18  1:17  SCV  
  19  1:31  Orbital Command  
  19  1:33  Marine  
  19  1:38  Command Center  
  20  1:49  Barracks  
  20  1:51  Marine  
  21  1:56  SCV  
  22  2:09  Marine  
  23  2:26  Refinery  
  23  2:28  Refinery  
  23  2:32  Barracks  
  23  2:34  Supply Depot  
  23  2:35  Supply Depot, Marine  
  23  2:43  SCV  
  23  2:48  Marine  
  23  2:53  Marine  
  23  2:55  SCV  
  25  3:01  Supply Depot  
  25  3:07  Orbital Command  
  25  3:08  SCV  
  26  3:17  Marine x2  
  28  3:20  SCV  
  29  3:29  Barracks Tech Lab  
  29  3:32  SCV  
  30  3:36  SCV  
  30  3:37  Factory  
  31  3:44  SCV  
  31  3:48  SCV  
  33  3:53  Stimpack  
  33  3:56  SCV  
  33  4:02  Marine x3  
  37  4:04  SCV  
  37  4:09  SCV  
  39  4:16  SCV  
  40  4:19  Marine  
  40  4:21  Factory Reactor, SCV  
  40  4:23  Starport  
  42  4:29  Marine  
  42  4:31  Barracks Reactor  
  42  4:41  SCV x2  
  42  4:45  Barracks Reactor  
  44  4:47  Barracks  
  44  4:49  Barracks  
  44  4:51  Marine  
  45  4:53  SCV x2  
  47  5:05  SCV  
  48  5:10  SCV  
  49  5:16  Marine x3  
  49  5:17  Engineering Bay, SCV  
  49  5:18  Engineering Bay  
  49  5:20  Supply Depot x2  
  53  5:22  SCV  
  53  5:23  Marine x2  
  56  5:29  SCV  
  56  5:34  SCV, Marine x3  
  61  5:41  Medivac x2, SCV  
  66  5:46  Barracks Tech Lab x2, SCV  
  66  5:49  Terran Infantry Weapons Level 1  
  67  5:52  Refinery, Marine x3  
  67  5:53  SCV, Marine x2  
  73  5:58  Supply Depot, SCV  
  73  5:59  Supply Depot  
  73  6:01  Supply Depot  
  74  6:05  Terran Infantry Armor Level 1  
  74  6:09  Marauder  
  75  6:14  Marine x2  
  77  6:34  Marine  
  77  6:35  Marine x2  
  77  6:38  Marine x2  
  77  6:39  Marauder x2  
  76  6:47  Medivac  
  76  6:50  Supply Depot  
  76  6:52  Marine  
  75  6:57  Marauder  
  75  7:01  Marauder x2  
  73  7:05  Command Center  
  73  7:08  Marine x2  
  73  7:14  Marine x2  
  77  7:18  Marauder  
  77  7:21  Marine  
  80  7:22  Armory  
  80  7:27  Supply Depot  
  80  7:33  SCV  
  80  7:34  SCV  
  80  7:35  Marine x3  
  85  7:38  Medivac  
  87  7:45  Marauder x2  
  84  8:10  Marine x4  
  84  8:11  Marauder x2, Marine  
  72  8:23  SCV x2  
  72  8:24  Orbital Command  
  74  8:29  Marauder  
  74  8:30  Marine x3  
  74  8:31  Medivac  
  74  8:33  Marauder x2  
  85  8:36  SCV x2  
  85  8:38  Marine  
  88  8:48  SCV, Supply Depot, Marine  
  90  8:50  Marauder  
  90  8:54  Refinery  
  92  8:55  Marine  
  92  8:56  Marauder  
  92  8:57  Marauder  
  97  9:09  SCV x3  
  100  9:10  Terran Infantry Weapons Level 2  
  100  9:12  Marauder  
  100  9:14  Marine x4  
  106  9:17  Marine  
  106  9:21  SCV  
  108  9:25  SCV x2  
  110  9:33  SCV, Marauder x2  
  110  9:36  Marauder  
  110  9:37  SCV  
  110  9:38  Marine x4  
  110  9:39  Medivac  
  114  9:54  Marauder  
  114  9:56  Marine  
  114  9:57  Marine x3  
  114  9:58  Marauder x2  
  114  9:59  Medivac  
  126  10:05  Barracks  
  126  10:13  Factory  
  125  10:16  Marauder  
  125  10:19  Marauder x2  
  119  10:26  Marine x4  
  123  10:37  Marauder  
  123  10:40  Marine  
  123  10:41  Marauder  
  114  10:44  Marine x4  
  108  10:58  Marauder x2  
  108  11:00  Factory Tech Lab, Barracks  
  108  11:01  Marine  
  108  11:02  Marine x4  
  117  11:05  Marine  
  117  11:07  Medivac x2  
  117  11:09  Barracks  
  117  11:11  Barracks  
  122  11:19  Supply Depot, Marine x4  
  122  11:22  Supply Depot  
  126  11:27  Marine x2  
  126  11:28  Marine x2  
  130  11:36  Medivac  
  130  11:37  Medivac, Marine x4  
  130  11:39  Siege Tank  
  141  11:47  Marine  
  141  11:48  Command Center, Marine x3  
  141  11:49  Marine  
  141  11:50  Command Center  
  146  12:07  Marine  
  146  12:08  Marine x2  
  121  12:15  Marine  
  121  12:16  Marine x2  
  121  12:19  Marine x5  
  110  12:35  Marine  
  110  12:36  Marine x3  
  114  12:37  Barracks Reactor x2  
  114  12:39  Barracks Reactor  
  114  12:43  SCV  
  115  12:50  Medivac  
  117  12:54  Supply Depot  
  117  12:59  Barracks Reactor  
  117  13:05  Planetary Fortress  
  117  13:07  Marine x3  
  117  13:08  Marine  
  117  13:09  Marine  
  122  13:25  SCV x2  
  122  13:26  Marine, SCV  
  122  13:27  Marine x5  
  126  13:28  Marine x3  
  124  13:36  Marine  
  124  13:37  Marine x5  
  124  13:40  Medivac x2  
  134  13:44  Marine x2  
  134  13:45  Marine  
  128  14:10  Medivac x2  
  128  14:14  Marine  
  128  14:15  Marine x4  
  128  14:16  Marine x3  
Show
View Real Time Build Order
Export as new Build Order

Mystaken Terran - Winner!

Build Orders: Reaper Expand, MMM Bio 

Get SALT Encoding   

  12  0:01  SCV  
  13  0:13  SCV  
  14  0:19  Supply Depot  
  14  0:25  SCV  
  15  0:40  SCV  
  15  0:42  Barracks  
  16  0:46  Refinery  
  16  0:52  SCV  
  17  1:04  SCV  
  18  1:17  SCV  
  19  1:29  Orbital Command  
  19  1:30  Reaper  
  20  1:46  Command Center  
  20  1:56  SCV  
  21  2:02  Barracks  
  20  2:08  SCV  
  21  2:21  SCV  
  22  2:25  Barracks Reactor  
  22  2:28  Supply Depot  
  22  2:35  Factory  
  22  2:37  SCV  
  23  2:50  SCV  
  24  2:53  Barracks Tech Lab  
  23  3:02  Orbital Command  
  23  3:10  Engineering Bay, SCV  
  24  3:19  Supply Depot  
  24  3:24  Starport  
  24  3:30  Refinery, Factory Reactor  
  24  3:32  Marine x2  
  26  3:35  SCV  
  27  3:43  SCV  
  27  3:47  SCV  
  29  3:55  SCV  
  30  3:58  Marine x2  
  30  3:59  SCV, Marine  
  34  4:07  SCV  
  35  4:13  Stimpack  
  35  4:16  Factory Tech Lab  
  36  4:17  SCV  
  36  4:19  SCV  
  36  4:20  Refinery  
  37  4:24  Supply Depot  
  37  4:28  Barracks  
  37  4:32  Medivac  
  37  4:34  SCV x2  
  41  4:43  Missile Turret  
  41  4:46  Marine x3  
  44  4:54  Siege Tank  
  44  4:55  SCV x2  
  44  4:58  Barracks  
  49  5:04  Missile Turret, Marine  
  50  5:07  SCV  
  51  5:14  Engineering Bay  
  51  5:18  SCV  
  51  5:19  SCV  
  51  5:20  Marine  
  55  5:23  Barracks Reactor  
  54  5:30  SCV  
  54  5:33  Refinery  
  55  5:40  Marine  
  55  5:41  Marine x2  
  58  5:43  Medivac x2, Armory  
  58  5:48  Command Center  
  62  5:51  Supply Depot  
  62  5:54  SCV  
  62  6:01  Barracks Reactor  
  62  6:13  SCV, Marine x5  
  68  6:24  Combat Shields  
  68  6:31  Marine x2  
  70  6:34  Missile Turret  
  70  6:47  Factory Tech Lab  
  70  6:48  Supply Depot  
  70  6:50  Supply Depot  
  70  6:53  Marine  
  70  6:54  Marine, SCV  
  70  6:55  Marine, SCV  
  70  6:56  Marine x2  
  70  6:57  Marine  
  70  6:58  Marine  
  66  7:06  SCV  
  66  7:07  Siege Tank  
  70  7:10  Medivac, Supply Depot  
  70  7:11  Marine  
  70  7:12  Marine  
  70  7:13  Terran Infantry Weapons Level 1, Marine x2  
  70  7:14  Supply Depot, Marine  
  70  7:15  Marine x2  
  77  7:16  Terran Infantry Armor Level 1  
  79  7:29  Marine  
  79  7:45  Marine x2  
  79  7:46  Marine x4  
  79  7:47  SCV x2  
  87  7:59  SCV  
  87  8:01  Marine  
  87  8:03  Marine x2  
  71  8:16  SCV  
  71  8:17  SCV  
  71  8:18  Orbital Command  
  73  8:29  SCV x2  
  75  8:41  SCV x2  
  77  8:45  Marine x2  
  77  8:46  Marine x5  
  84  8:50  Barracks  
  84  8:51  Siege Tank  
  87  9:00  Medivac x2  
  91  9:03  Marine x2  
  91  9:04  Marine x5  
  91  9:08  Barracks  
  91  9:09  Terran Infantry Weapons Level 2  
  98  9:11  Barracks  
  98  9:14  Terran Infantry Armor Level 2  
  98  9:21  Marine x2  
  98  9:22  Marine x5  
  105  9:25  SCV x2  
  107  9:31  Refinery  
  107  9:32  SCV  
  107  9:33  Refinery  
  107  9:35  Siege Tank  
  107  9:37  SCV  
  112  9:55  Marine x5  
  117  10:07  Supply Depot  
  117  10:11  Supply Depot  
  117  10:12  Barracks  
  117  10:13  Supply Depot, Marine x2  
  117  10:17  Marine  
  117  10:18  Marine  
  117  10:19  Hellion  
  110  10:30  Marine  
  110  10:31  Marine x6  
  110  10:34  Marine  
  118  10:36  Marine  
  118  10:41  Hellion  
  104  10:48  Marine x2  
  104  10:49  Marine x5  
  104  10:52  Marine  
  104  10:54  Marine  
  98  11:01  Barracks  
  98  11:06  Marine x3  
  98  11:07  Siege Tank, Marine x4  
  98  11:10  Marine  
  109  11:12  Marine  
  109  11:16  SCV x2  
  112  11:24  Marine  
  113  11:26  Barracks Reactor x2  
  113  11:52  Barracks Reactor x2, Supply Depot  
  113  11:53  Barracks  
  112  11:54  Barracks x2  
  112  11:57  Barracks  
  76  12:35  Missile Turret x2  
  76  12:41  Marine x4  
  76  12:42  Marine x12  
  92  12:46  Marine x4  
  92  12:50  Command Center  
  96  12:59  Marine x10  
  96  13:00  Marine x6  
  96  13:03  Marine  
  96  13:05  SCV x2  
  115  13:13  Marine x3  
  115  13:17  SCV  
  119  13:34  Marine x11  
  129  13:44  Supply Depot x2  
  129  13:46  Supply Depot  
  128  13:49  SCV x2  
  128  13:50  Supply Depot  
  130  14:08  Supply Depot  
  128  14:11  Supply Depot  
Tags
 
Composition
MMM Bio
Matchup
TvT
Race
Terran
Replay Pack
Nickos replay
Add a new tag
Caveats
  • Supply blocks, unpowered buildings, or Contaminate may cause inaccurate times.
  • Supply counts are checked every 10 seconds.